[Event "DVM U10 2024"]
[Site "Duesseldorf"]
[Date "2024.12.27"]
[Round "3"]
[White "Cheng, Louis"]
[Black "Tolle, Jonathan"]
[Result "1-0"]
[ECO "C44"]
[WhiteElo "2087"]
[BlackElo "1149"]
[Annotator "RC"]
[PlyCount "72"]
[EventDate "2024.12.23"]
[EventType "team-tourn"]
[EventRounds "7"]
[EventCountry "GER"]
[SourceTitle "playchess.com"]
[Source "ChessBase"]
[SourceQuality "1"]
[TimeControl "3300+5"]

1. e4 e5 2. Nf3 Nc6 3. d4 exd4 4. Bc4 Bc5 5. c3 dxc3 6. bxc3 Nf6 7. e5 Ng4 8. Bxf7+ Ke7 9. Bg5+ Nf6 10. exf6+ gxf6 11. Bh4 Qf8 12. Qd5 Ba3 13. Nxa3 Qxf7 14. Qxf7+ Kxf7 15. O-O d6 16. Rfe1 Bg4 17. Nd2 Rhg8 18. Re3 Rad8 19. h3 Bc8 20. Rf3 Rg6 21. Ne4 Ne5 22. Rf4 Bxh3 23. Ng5+ Ke7 24. Nxh3 Rf8 25. Re4 Rfg8 26. Nf4 Rg4 27. Nd5+ Ke6 28. Rxg4 Rxg4 29. Nxc7+ Kd7 30. Nd5 Rxh4 31. Nxf6+ Ke6 32. Ne8 Rg4 33. Re1 Kd5 34. Nf6+ Kc6 35. Nxg4 Nxg4 36. Re4 Kd5 1-0

[Event "DVM U10 2024"]
[Site "Duesseldorf"]
[Date "2024.12.27"]
[Round "3"]
[White "Mueller, Konstantin"]
[Black "Barsov, Mikhail"]
[Result "1-0"]
[ECO "B45"]
[WhiteElo "1957"]
[BlackElo "1737"]
[Annotator "RC"]
[PlyCount "71"]
[EventDate "2024.12.23"]
[EventType "team-tourn"]
[EventRounds "7"]
[EventCountry "GER"]
[SourceTitle "playchess.com"]
[Source "ChessBase"]
[SourceQuality "1"]
[TimeControl "3300+5"]

1. e4 c5 2. Nf3 e6 3. d4 cxd4 4. Nxd4 Nf6 5. Nc3 Nc6 6. Nxc6 bxc6 7. e5 Nd5 8. Ne4 Qc7 9. f4 Qb6 10. a3 Ne3 11. Qd3 Nxf1 12. Rxf1 Ba6 13. c4 Be7 14. Qc3 O-O 15. Be3 c5 16. Rd1 Qc6 17. Qd3 Rab8 18. Rf2 Rb7 19. Rdd2 Rfb8 20. f5 Rb3 21. Nc3 R3b7 22. f6 Bf8 23. Bg5 g6 24. Qe3 h5 25. Bh6 Kh7 26. Bxf8 Rxf8 27. Rd6 Qc8 28. Rxa6 Rb3 29. Rd6 Qb7 30. Qd2 Rd8 31. Re2 Rb6 32. Ne4 Rxd6 33. Nxd6 Qc6 34. Nxf7 Rf8 35. Qh6+ Kg8 36. Qxg6# 1-0

[Event "DVM U10 2024"]
[Site "Duesseldorf"]
[Date "2024.12.27"]
[Round "3"]
[White "Peters, Leopold"]
[Black "Schmidt, Fabian"]
[Result "0-1"]
[ECO "E51"]
[WhiteElo "1701"]
[BlackElo "1971"]
[Annotator "RC"]
[PlyCount "62"]
[EventDate "2024.12.23"]
[EventType "team-tourn"]
[EventRounds "7"]
[EventCountry "GER"]
[SourceTitle "playchess.com"]
[Source "ChessBase"]
[SourceQuality "1"]
[TimeControl "3300+5"]

1. d4 Nf6 2. c4 e6 3. Nc3 d5 4. Nf3 Bb4 5. a3 Bxc3+ 6. bxc3 O-O 7. e3 c6 8. cxd5 exd5 9. c4 Ne4 10. Bd3 Qa5+ 11. Bd2 Nxd2 12. Qxd2 Qxd2+ 13. Nxd2 dxc4 14. Bxc4 Nd7 15. O-O Nf6 16. Rab1 Rb8 17. Bd3 Be6 18. Rfc1 Nd5 19. Nf3 h6 20. Ne5 Rfd8 21. Bc4 Nc7 22. Bxe6 Nxe6 23. Rb2 c5 24. dxc5 Nxc5 25. Nf3 Nd3 26. Rbc2 Nxc1 27. Rxc1 Rbc8 28. Rb1 Rc3 29. g3 b6 30. a4 Ra3 31. Rb4 Rd1+ 0-1

[Event "DVM U10 2024"]
[Site "Duesseldorf"]
[Date "2024.12.27"]
[Round "3"]
[White "Schmidt, Jan"]
[Black "Luible, Sebastian"]
[Result "0-1"]
[ECO "D51"]
[WhiteElo "1688"]
[BlackElo "1104"]
[Annotator "NA RC"]
[PlyCount "32"]
[EventDate "2024.12.23"]
[EventType "team-tourn"]
[EventRounds "7"]
[EventCountry "GER"]
[SourceTitle "playchess.com"]
[Source "ChessBase"]
[SourceQuality "1"]
[TimeControl "3300+5"]

1. d4 d5 2. c4 e6 3. Nc3 Nf6 4. Nf3 Nbd7 5. Bg5 c5 6. cxd5 cxd4 7. Qxd4 exd5 8. Nxd5 Qa5+ 9. Nc3 Bc5 10. Qa4 Qb6 11. e3 Qxb2 12. Qd1 Qxc3+ 13. Nd2 Ne4 14. Bf4 Nxd2 15. Rc1 Qa5 16. Qxd2 Bb4 0-1

[Event "DVM U10 2024"]
[Site "Duesseldorf"]
[Date "2024.12.27"]
[Round "3"]
[White "Busch, Jonathan Luis"]
[Black "Vlad, Mark"]
[Result "0-1"]
[ECO "B01"]
[WhiteElo "1655"]
[BlackElo "1439"]
[Annotator "NA RC"]
[PlyCount "112"]
[EventDate "2024.12.23"]
[EventType "team-tourn"]
[EventRounds "7"]
[EventCountry "GER"]
[SourceTitle "playchess.com"]
[Source "ChessBase"]
[SourceQuality "1"]
[TimeControl "3300+5"]

1. e4 d5 2. exd5 Nf6 3. d4 Nxd5 4. Nf3 Bf5 5. Bc4 Nb6 6. Bb3 e6 7. Bg5 f6 8. Bh4 Nc6 9. a3 Qd7 10. O-O g5 11. Bg3 h5 12. h4 g4 13. d5 O-O-O 14. Nc3 exd5 15. Nd4 Na5 16. Ba2 Nac4 17. Rb1 Bg6 18. Ncb5 Bd6 19. Nxa7+ Kb8 20. Nab5 Bxg3 21. fxg3 Ne3 22. Qd2 Nxf1 23. Rxf1 c6 24. Qf4+ Ka8 25. Nc7+ Ka7 26. Nce6 Rde8 27. Nc5 Qe7 28. Nde6 Bf7 29. Qb4 Bxe6 30. Qa5+ Kb8 31. Qxb6 Bf7 32. a4 Qe3+ 33. Kh2 Re7 34. a5 Qe2 35. Rg1 Qb5 36. Qxb5 cxb5 37. Rf1 Rc8 38. Nd3 Rxc2 39. Rxf6 Rd2 40. Nc5 Rxb2 41. Bb3 Rc7 42. Ne6 Bxe6 43. Rxe6 Rxb3 44. Rd6 Rd3 45. a6 bxa6 46. Rxa6 Kb7 47. Rh6 b4 48. Rxh5 b3 49. Rg5 b2 50. Rxg4 b1=Q 51. h5 Rd1 52. Rb4+ Qxb4 53. h6 Rh7 54. g4 Qxg4 55. g3 Rxh6+ 56. Kg2 Qe2# 0-1

[Event "DVM U10 2024"]
[Site "Duesseldorf"]
[Date "2024.12.27"]
[Round "3"]
[White "Satheesh, Dharshini"]
[Black "Schubert, Anton"]
[Result "1-0"]
[ECO "C78"]
[WhiteElo "1643"]
[BlackElo "824"]
[Annotator "NA RC"]
[PlyCount "61"]
[EventDate "2024.12.23"]
[EventType "team-tourn"]
[EventRounds "7"]
[EventCountry "GER"]
[SourceTitle "playchess.com"]
[Source "ChessBase"]
[SourceQuality "1"]
[TimeControl "3300+5"]

1. e4 e5 2. Nf3 Nc6 3. Bb5 a6 4. Ba4 b5 5. Bb3 Bc5 6. O-O Nf6 7. d3 d6 8. Bg5 h6 9. Bh4 O-O 10. h3 Nd4 11. Nc3 b4 12. Nd5 g5 13. Nxd4 Bxd4 14. Bg3 Nxd5 15. Bxd5 Bxb2 16. Rb1 Bc3 17. Bxa8 Be6 18. Bd5 Bxd5 19. exd5 Qd7 20. h4 c6 21. hxg5 hxg5 22. Qh5 Bd2 23. Rbd1 Bf4 24. Bxf4 gxf4 25. Qg5+ Kh8 26. f3 cxd5 27. Kf2 Qa7+ 28. d4 f6 29. Rh1+ Qh7 30. Rxh7+ Kxh7 31. Rh1# 1-0

[Event "DVM U10 2024"]
[Site "Duesseldorf"]
[Date "2024.12.27"]
[Round "3"]
[White "Kukhtichev, Maksim"]
[Black "Nikolic, Luka"]
[Result "1-0"]
[ECO "B12"]
[WhiteElo "1639"]
[BlackElo "1579"]
[Annotator "NA RC"]
[PlyCount "89"]
[EventDate "2024.12.23"]
[EventType "team-tourn"]
[EventRounds "7"]
[EventCountry "GER"]
[SourceTitle "playchess.com"]
[Source "ChessBase"]
[SourceQuality "1"]
[TimeControl "3300+5"]

1. e4 c6 2. d4 d5 3. e5 Bf5 4. Nf3 e6 5. Nh4 Bg6 6. Nxg6 hxg6 7. Be3 Ne7 8. Nc3 Nf5 9. Qd2 Qb6 10. O-O-O Bb4 11. g4 Nh4 12. Be2 Ng2 13. a3 Bxc3 14. Qxc3 Nxe3 15. Qxe3 Nd7 16. f4 O-O-O 17. Rd3 Rh7 18. Qf2 Kb8 19. Rb3 Qc7 20. f5 Rf8 21. Rf3 exf5 22. gxf5 gxf5 23. Rxf5 f6 24. e6 g6 25. Rf3 Nb6 26. Rxf6 Re8 27. Rxg6 Rhe7 28. Bg4 Qd6 29. h4 Rh7 30. h5 Rf8 31. Rf6 Rg8 32. Bf5 Rhg7 33. Bg6 Nc8 34. Re1 Ne7 35. Rf8+ Rxf8 36. Qxf8+ Nc8 37. Qxg7 Qf4+ 38. Kb1 Qf2 39. Qe5+ Ka8 40. e7 a6 41. e8=Q Ka7 42. Qxc8 Kb6 43. Qec7+ Kb5 44. Q8xb7+ Ka4 45. Qb4# 1-0

[Event "DVM U10 2024"]
[Site "Duesseldorf"]
[Date "2024.12.27"]
[Round "3"]
[White "Braren, Ove Neelis"]
[Black "Zielke, Mika"]
[Result "1-0"]
[ECO "C47"]
[WhiteElo "1634"]
[BlackElo "1623"]
[Annotator "NA RC"]
[PlyCount "55"]
[EventDate "2024.12.23"]
[EventType "team-tourn"]
[EventRounds "7"]
[EventCountry "GER"]
[SourceTitle "playchess.com"]
[Source "ChessBase"]
[SourceQuality "1"]
[TimeControl "3300+5"]

1. e4 e5 2. Nf3 Nc6 3. d4 exd4 4. Nxd4 Nf6 5. Nc3 Bb4 6. Nxc6 bxc6 7. Bd3 d5 8. exd5 Nxd5 9. Bd2 Nxc3 10. bxc3 Bd6 11. O-O O-O 12. Qh5 g6 13. Qf3 Bd7 14. Rfe1 Qh4 15. g3 Qg4 16. Qf6 Qh3 17. c4 Rae8 18. Bc3 Be5 19. Bxe5 Rxe5 20. Qxe5 Bg4 21. Bf1 Qh6 22. Qxc7 Bf3 23. Bg2 Bg4 24. Qxc6 Rc8 25. Re8+ Rxe8 26. Qxe8+ Kg7 27. Bd5 Qh3 28. Qxf7+ 1-0

[Event "DVM U10 2024"]
[Site "Duesseldorf"]
[Date "2024.12.27"]
[Round "3"]
[White "Bashirova, Sona"]
[Black "Trunz, Daniel"]
[Result "1-0"]
[ECO "D06"]
[WhiteElo "1626"]
[BlackElo "1440"]
[Annotator "NA RC"]
[PlyCount "95"]
[EventDate "2024.12.23"]
[EventType "team-tourn"]
[EventRounds "7"]
[EventCountry "GER"]
[SourceTitle "playchess.com"]
[Source "ChessBase"]
[SourceQuality "1"]
[TimeControl "3300+5"]

1. d4 d5 2. Bf4 Bf5 3. c4 e6 4. Nc3 Bb4 5. e3 Nf6 6. Nf3 Ne4 7. Rc1 O-O 8. Be2 c5 9. O-O Nc6 10. a3 Ba5 11. Nxe4 Bxe4 12. dxc5 b6 13. b4 bxc5 14. bxa5 Qxa5 15. cxd5 exd5 16. Bd6 Rfd8 17. Rxc5 Qxa3 18. Rxc6 Rxd6 19. Rxd6 Qxd6 20. Bd3 Bg6 21. Bxg6 hxg6 22. Qd4 a5 23. Rd1 a4 24. Ra1 a3 25. Nd2 a2 26. Nb3 Qd7 27. Nc1 Qb5 28. Qd3 Qc4 29. Qxc4 dxc4 30. Rxa2 Rd8 31. Kf1 Rd1+ 32. Ke2 Rxc1 33. Kd2 Rh1 34. h3 Rh2 35. Kc3 Rxg2 36. Kxc4 Rh2 37. Ra8+ Kh7 38. Ra7 Rxf2 39. Kc5 Rf5+ 40. Kd6 Rf6+ 41. Ke7 Re6+ 42. Kf8 Rc6 43. Re7 Rf6 44. Rxf7 Rxf7+ 45. Kxf7 Kh6 46. e4 Kg5 47. e5 Kf5 48. e6 1-0

[Event "DVM U10 2024"]
[Site "Duesseldorf"]
[Date "2024.12.27"]
[Round "3"]
[White "Jozsa, Lev"]
[Black "Bienbeck, Matthis"]
[Result "1-0"]
[ECO "B38"]
[WhiteElo "1617"]
[BlackElo "1490"]
[Annotator "NA RC"]
[PlyCount "103"]
[EventDate "2024.12.23"]
[EventType "team-tourn"]
[EventRounds "7"]
[EventCountry "GER"]
[SourceTitle "playchess.com"]
[Source "ChessBase"]
[SourceQuality "1"]
[TimeControl "3300+5"]

1. e4 c5 2. Nf3 Nc6 3. d4 cxd4 4. Nxd4 g6 5. c4 Bg7 6. Be3 d6 7. Nc3 Nf6 8. f3 Bd7 9. Qd2 O-O 10. Be2 b6 11. a3 Rc8 12. O-O-O Na5 13. Kb1 Nxc4 14. Bxc4 Rxc4 15. h4 h5 16. Qc1 Kh7 17. Nde2 Rc8 18. Rdg1 Kg8 19. Bh6 a6 20. Bxg7 Kxg7 21. Qg5 Rh8 22. g4 e5 23. Ng3 hxg4 24. h5 Nxh5 25. Nxh5+ Rxh5 26. Rxh5 Qxg5 27. Rxg5 f6 28. R5xg4 Bxg4 29. Rxg4 Kf7 30. Rh4 Kg7 31. Kc2 g5 32. Rh1 Kg6 33. Rd1 Rc6 34. Kb3 f5 35. Nd5 Kf7 36. exf5 Rc5 37. Ka2 b5 38. Nc3 Rc6 39. Ne4 Ke7 40. Nxg5 Kf6 41. Ne4+ Kxf5 42. Rxd6 Rxd6 43. Nxd6+ Kf4 44. Kb3 Kxf3 45. Kb4 e4 46. Nxe4 Kxe4 47. Ka5 Kd4 48. Kxa6 Kc5 49. b4+ Kc6 50. Ka5 Kc7 51. Kxb5 Kb7 52. a4 1-0

[Event "DVM U10 2024"]
[Site "Duesseldorf"]
[Date "2024.12.27"]
[Round "3"]
[White "Dombert, Johannes"]
[Black "Dres, Friedrich"]
[Result "1-0"]
[ECO "B01"]
[WhiteElo "1611"]
[BlackElo "1123"]
[Annotator "NA RC"]
[PlyCount "71"]
[EventDate "2024.12.23"]
[EventType "team-tourn"]
[EventRounds "7"]
[EventCountry "GER"]
[SourceTitle "playchess.com"]
[Source "ChessBase"]
[SourceQuality "1"]
[TimeControl "3300+5"]

1. e4 d5 2. exd5 Qxd5 3. Nc3 Qa5 4. d4 c6 5. Nf3 Nf6 6. Bc4 e6 7. Bd2 Qc7 8. O-O Bd6 9. h3 O-O 10. Re1 b5 11. Bd3 Bb7 12. Ne4 Nxe4 13. Bxe4 Nd7 14. c3 Nf6 15. Bd3 Rad8 16. Qc2 h6 17. b4 Rd7 18. a4 a6 19. Be3 Rfd8 20. a5 e5 21. dxe5 Bxe5 22. Nxe5 Qxe5 23. Bb6 Qg5 24. Bxd8 Rxd8 25. Rad1 c5 26. f4 Qh4 27. Qf2 Qxf2+ 28. Kxf2 Rc8 29. Bf5 Rf8 30. Re7 Bc6 31. Rd6 Ba8 32. bxc5 g6 33. Rxf6 gxf5 34. c6 Kg7 35. Rd6 Rc8 36. c7 1-0

[Event "DVM U10 2024"]
[Site "Duesseldorf"]
[Date "2024.12.27"]
[Round "3"]
[White "Wang, Hanyu"]
[Black "Liu, Mio Runhan"]
[Result "0-1"]
[ECO "C50"]
[WhiteElo "1606"]
[BlackElo "1198"]
[Annotator "NA RC"]
[PlyCount "140"]
[EventDate "2024.12.23"]
[EventType "team-tourn"]
[EventRounds "7"]
[EventCountry "GER"]
[SourceTitle "playchess.com"]
[Source "ChessBase"]
[SourceQuality "1"]
[TimeControl "3300+5"]

1. e4 e5 2. Nf3 Nc6 3. Bc4 Bc5 4. d3 Nf6 5. Nc3 d6 6. h3 h6 7. O-O O-O 8. Be3 Nd4 9. Bxd4 exd4 10. Na4 Be6 11. Nxc5 dxc5 12. Bb3 a5 13. Bxe6 fxe6 14. e5 Nd5 15. Qd2 Nf4 16. Rad1 Nxh3+ 17. Kh2 Nf4 18. g3 Nd5 19. Nh4 Nf4 20. c3 Qg5 21. Nf3 Qh5+ 22. Nh4 Ng6 23. Rh1 Nxh4 24. gxh4 Qxh4+ 25. Kg2 Qg4+ 26. Kh2 Qh5+ 27. Kg2 Qxe5 28. cxd4 cxd4 29. Kf1 Qd5 30. Rg1 Qf3 31. Rg2 Rf6 32. Re1 Raf8 33. Re2 b6 34. Qe1 Qxd3 35. Kg1 Qf5 36. b3 Rg6 37. Rxg6 Qxg6+ 38. Kf1 Qd3 39. Kg1 Qg6+ 40. Kf1 Re8 41. Rd2 c5 42. Qe5 Qb1+ 43. Kg2 Qf5 44. Qc7 Qd5+ 45. Kf1 Qh1+ 46. Ke2 Qe4+ 47. Kf1 Qh1+ 48. Ke2 Qh5+ 49. Kf1 b5 50. Qxa5 b4 51. Qb6 Qg5 52. Rd1 Qg4 53. Rd3 Qe4 54. Rg3 Qb1+ 55. Kg2 Qxa2 56. Qc7 Qa8+ 57. f3 Qa2+ 58. Kh3 g5 59. f4 Qc2 60. fxg5 Qf5+ 61. Kh4 Qe4+ 62. Rg4 Qh1+ 63. Kg3 h5 64. g6 Qg1+ 65. Kf3 Qxg4+ 66. Kf2 Rf8+ 67. Ke1 Qg1+ 68. Kd2 Qe3+ 69. Kc2 Rf2+ 70. Kd1 Qd2# 0-1

[Event "DVM U10 2024"]
[Site "Duesseldorf"]
[Date "2024.12.27"]
[Round "3"]
[White "Kinateder, Vitus"]
[Black "Artarov, Rina"]
[Result "1/2-1/2"]
[ECO "B01"]
[WhiteElo "1605"]
[BlackElo "1122"]
[Annotator "NA RC"]
[PlyCount "110"]
[EventDate "2024.12.23"]
[EventType "team-tourn"]
[EventRounds "7"]
[EventCountry "GER"]
[SourceTitle "playchess.com"]
[Source "ChessBase"]
[SourceQuality "1"]
[TimeControl "3300+5"]

1. e4 d5 2. e5 Bf5 3. d4 e6 4. Nf3 c5 5. c3 Qb6 6. Bd3 Bg6 7. Bc2 Nc6 8. O-O Nge7 9. Na3 Nf5 10. Rb1 Be7 11. Re1 O-O 12. Be3 Qa5 13. Qd2 b5 14. dxc5 b4 15. cxb4 Nxb4 16. Qc3 Rac8 17. c6 Nxc6 18. Qxa5 Nxa5 19. Bxa7 Bxa3 20. Bxf5 Bxf5 21. bxa3 Bxb1 22. Rxb1 Nc4 23. a4 Ra8 24. Bc5 Rfc8 25. Bd6 Rxa4 26. Ra1 Nb2 27. a3 Nc4 28. Nd4 Nxa3 29. Ne2 Re4 30. Ng3 Nc2 31. Rc1 Re1+ 32. Rxe1 Nxe1 33. Kf1 Nd3 34. Ke2 Nc1+ 35. Kd1 Nb3 36. Ne2 d4 37. Nf4 Rc1+ 38. Ke2 Rc2+ 39. Ke1 g5 40. Nd3 Rd2 41. Nc5 Rb2 42. Nd3 Rb1+ 43. Ke2 Nc1+ 44. Nxc1 Rxc1 45. Kd2 Rg1 46. g3 Rg2 47. Kd3 Rxf2 48. Kxd4 Rxh2 49. Ke3 g4 50. Kf4 h5 51. Bc5 Kg7 52. Be7 Rf2+ 53. Kg5 Rf5+ 54. Kh4 Rxe5 55. Bf6+ Kxf6 1/2-1/2

[Event "DVM U10 2024"]
[Site "Duesseldorf"]
[Date "2024.12.27"]
[Round "3"]
[White "Elli, Emeric"]
[Black "Sriram, Yashasri"]
[Result "1-0"]
[ECO "C01"]
[WhiteElo "1574"]
[BlackElo "1520"]
[Annotator "NA RC"]
[PlyCount "123"]
[EventDate "2024.12.23"]
[EventType "team-tourn"]
[EventRounds "7"]
[EventCountry "GER"]
[SourceTitle "playchess.com"]
[Source "ChessBase"]
[SourceQuality "1"]
[TimeControl "3300+5"]

1. e4 e6 2. d4 d5 3. exd5 exd5 4. Nf3 Bd6 5. Be3 Nf6 6. Nc3 O-O 7. Bg5 Re8+ 8. Be2 c6 9. h3 Bf5 10. O-O Nbd7 11. Bd3 Bxd3 12. Qxd3 h6 13. Bxf6 Nxf6 14. Rae1 Qc7 15. a3 a5 16. Qd2 b5 17. Qd3 b4 18. axb4 axb4 19. Nd1 Rab8 20. Ne3 Re6 21. c3 Ne4 22. c4 dxc4 23. Nxc4 Rbe8 24. Nce5 Nf6 25. Rc1 Bxe5 26. Nxe5 Rd8 27. Qc4 c5 28. Nd3 Rxd4 29. Qxd4 cxd4 30. Rxc7 Kf8 31. Rc4 Rd6 32. Rxb4 Ne4 33. Re1 Re6 34. Rxd4 Nf6 35. Rxe6 fxe6 36. Rf4 Ke7 37. g4 g5 38. Rd4 Nd5 39. f4 gxf4 40. Nxf4 Nxf4 41. Rxf4 e5 42. Re4 Kd6 43. Kf2 Kd5 44. Ke3 Kd6 45. h4 Ke6 46. b4 Kd5 47. b5 Kd6 48. b6 Kc6 49. Rxe5 Kxb6 50. Kd4 h5 51. Rxh5 Kc6 52. Rg5 Kd7 53. Rg6 Ke7 54. Kd5 Kf7 55. h5 Ke7 56. g5 Kf7 57. Ke5 Kf8 58. Kf6 Ke8 59. Rg7 Kf8 60. h6 Ke8 61. h7 Kd8 62. h8=Q# 1-0

[Event "DVM U10 2024"]
[Site "Duesseldorf"]
[Date "2024.12.27"]
[Round "3"]
[White "Wessels, Keke"]
[Black "Leppin, Mattis"]
[Result "1-0"]
[ECO "D00"]
[WhiteElo "1568"]
[BlackElo "1138"]
[Annotator "NA RC"]
[PlyCount "67"]
[EventDate "2024.12.23"]
[EventType "team-tourn"]
[EventRounds "7"]
[EventCountry "GER"]
[SourceTitle "playchess.com"]
[Source "ChessBase"]
[SourceQuality "1"]
[TimeControl "3300+5"]

1. d4 d5 2. Nc3 Nf6 3. Bf4 c6 4. e3 Bf5 5. f3 e6 6. g4 Bg6 7. h4 h5 8. g5 Nfd7 9. Bd3 Bxd3 10. Qxd3 Nb6 11. g6 f6 12. Nge2 Bd6 13. Bxd6 Qxd6 14. O-O-O N8d7 15. e4 O-O-O 16. Kb1 Kb8 17. f4 Rhf8 18. e5 fxe5 19. fxe5 Nxe5 20. dxe5 Qxe5 21. Qg3 Qxg3 22. Nxg3 Rf6 23. Nxh5 Rxg6 24. Rdg1 Rxg1+ 25. Rxg1 Rf8 26. a3 e5 27. Nxg7 e4 28. Ne6 Rh8 29. Rh1 Nd7 30. h5 Nf6 31. h6 Kc8 32. Ne2 Kd7 33. N2f4 Ke7 34. Ng6+ 1-0

[Event "DVM U10 2024"]
[Site "Duesseldorf"]
[Date "2024.12.27"]
[Round "3"]
[White "Nune, Likhith Siddharth"]
[Black "White, William"]
[Result "0-1"]
[ECO "C58"]
[WhiteElo "1533"]
[BlackElo "1750"]
[Annotator "NA RC"]
[PlyCount "138"]
[EventDate "2024.12.23"]
[EventType "team-tourn"]
[EventRounds "7"]
[EventCountry "GER"]
[SourceTitle "playchess.com"]
[Source "ChessBase"]
[SourceQuality "1"]
[TimeControl "3300+5"]

1. e4 e5 2. Nf3 Nc6 3. Bc4 Nf6 4. Ng5 d5 5. exd5 Na5 6. d3 h6 7. Nf3 e4 8. Nfd2 exd3 9. cxd3 Nxd5 10. O-O Be7 11. Qf3 Nf6 12. Nc3 O-O 13. Nde4 Nc6 14. Be3 a6 15. a4 Nb4 16. Rfd1 Kh8 17. Nxf6 Bxf6 18. Qh5 Kg8 19. Qf3 c6 20. Rac1 Bd7 21. d4 Re8 22. b3 b5 23. axb5 axb5 24. Be2 Be6 25. Rb1 Nd5 26. Rdc1 Qe7 27. Qg3 Kh8 28. Bg4 Nxc3 29. Rxc3 Bd5 30. Rcc1 Qb4 31. Qh3 Bxd4 32. Re1 Bxe3 33. Rxe3 Re4 34. Bf5 Rxe3 35. Qxe3 Qd6 36. Qd3 Rd8 37. Rd1 Qe5 38. f3 g6 39. Be4 f5 40. Bxd5 Qxd5 41. Qxd5 cxd5 42. Kf2 Kg7 43. Ke3 Kf6 44. Kd4 Ke6 45. Re1+ Kd6 46. Re5 Rc8 47. Rxd5+ Kc6 48. Rc5+ Kd7 49. Rxc8 Kxc8 50. Kc5 Kb7 51. Kxb5 g5 52. g3 h5 53. h3 g4 54. hxg4 f4 55. g5 fxg3 56. g6 g2 57. g7 g1=Q 58. g8=Q Qxg8 59. b4 Qf7 60. Kc5 h4 61. b5 h3 62. b6 h2 63. Kb5 h1=Q 64. Ka5 Qa1+ 65. Kb5 Qe5+ 66. Kb4 Qff4+ 67. Kb3 Qxf3+ 68. Kc4 Qed5+ 69. Kb4 Qfb3# 0-1

[Event "DVM U10 2024"]
[Site "Duesseldorf"]
[Date "2024.12.27"]
[Round "3"]
[White "Schonlau, Leopold"]
[Black "Bauta, Luan"]
[Result "0-1"]
[ECO "C58"]
[WhiteElo "1533"]
[BlackElo "1063"]
[Annotator "NA RC"]
[PlyCount "146"]
[EventDate "2024.12.23"]
[EventType "team-tourn"]
[EventRounds "7"]
[EventCountry "GER"]
[SourceTitle "playchess.com"]
[Source "ChessBase"]
[SourceQuality "1"]
[TimeControl "3300+5"]

1. e4 e5 2. Nf3 Nc6 3. Bc4 Nf6 4. Ng5 d5 5. exd5 Na5 6. Bb5+ c6 7. dxc6 bxc6 8. Bd3 Bc5 9. O-O h6 10. Ne4 Nxe4 11. Bxe4 O-O 12. d3 Qf6 13. Be3 Bxe3 14. fxe3 Qg5 15. Nc3 Qxe3+ 16. Kh1 Ba6 17. Rf3 Qg5 18. Rg3 Qh4 19. Qe2 Bc8 20. Rf1 f5 21. Rgf3 f4 22. g3 Qh5 23. Qd2 Bg4 24. R3f2 fxg3 25. Rxf8+ Rxf8 26. Rg1 Bf3+ 27. Bxf3 Qxf3+ 28. Qg2 Qxg2+ 29. Rxg2 Rf1+ 30. Rg1 Rxg1+ 31. Kxg1 gxh2+ 32. Kxh2 Nb7 33. b4 c5 34. bxc5 Nxc5 35. a4 a5 36. Ne2 Nxa4 37. c4 Nc5 38. d4 exd4 39. Nxd4 a4 40. Nc2 Kf7 41. Kg3 Kg6 42. Kh4 Kf5 43. Na3 Kf4 44. Nc2 Kf3 45. Nd4+ Kf4 46. Ne2+ Kf5 47. Nd4+ Kg6 48. Kg4 a3 49. Nc2 a2 50. Kg3 Nb3 51. Kg4 a1=Q 52. Nxa1 Nxa1 53. c5 Nb3 54. c6 h5+ 55. Kg3 Nc5 56. c7 Ne4+ 57. Kf4 Nd6 58. Ke5 Nc8 59. Kf4 Kf6 60. Kg3 g5 61. Kh3 Ke5 62. Kg3 Ke4 63. Kh3 Kf3 64. Kh2 g4 65. Kh1 Kf2 66. Kh2 g3+ 67. Kh3 g2 68. Kh4 g1=Q 69. Kxh5 Kf3 70. Kh6 Kf4 71. Kh7 Kf5 72. Kh8 Kf6 73. Kh7 Qg7# 0-1

[Event "DVM U10 2024"]
[Site "Duesseldorf"]
[Date "2024.12.27"]
[Round "3"]
[White "El-Issa, Erik"]
[Black "Karabetyan, Levon"]
[Result "1-0"]
[ECO "D02"]
[WhiteElo "1530"]
[BlackElo "1230"]
[Annotator "NA RC"]
[PlyCount "101"]
[EventDate "2024.12.23"]
[EventType "team-tourn"]
[EventRounds "7"]
[EventCountry "GER"]
[SourceTitle "playchess.com"]
[Source "ChessBase"]
[SourceQuality "1"]
[TimeControl "3300+5"]

1. d4 d5 2. g3 Nf6 3. Nf3 Bf5 4. Bg2 e6 5. O-O h6 6. c4 Be7 7. Nc3 O-O 8. Qb3 b6 9. Nh4 Be4 10. Nf3 c5 11. dxc5 Bxc5 12. Rd1 Nc6 13. cxd5 exd5 14. e3 Ne7 15. Nxe4 Nxe4 16. Nd2 Nf6 17. Nf3 Ne4 18. Bd2 Rc8 19. Bc3 Re8 20. Nd2 Nxc3 21. bxc3 Rc6 22. c4 Rd6 23. cxd5 Nxd5 24. Nc4 Rd7 25. Nb2 Nf6 26. Bc6 Rxd1+ 27. Rxd1 Qc8 28. Bxe8 Qxe8 29. Nd3 Be7 30. Ne5 Kf8 31. Qd3 a5 32. Nd7+ Nxd7 33. Qxd7 Qxd7 34. Rxd7 b5 35. Rb7 b4 36. Rb8+ Bd8 37. Rxd8+ Ke7 38. Ra8 f5 39. Rxa5 g6 40. Rb5 b3 41. Rxb3 h5 42. a4 g5 43. a5 h4 44. a6 hxg3 45. hxg3 g4 46. a7 f4 47. a8=Q fxg3 48. fxg3 Kd7 49. Qa6 Ke7 50. Rb7+ Kd8 51. Qa8# 1-0

[Event "DVM U10 2024"]
[Site "Duesseldorf"]
[Date "2024.12.27"]
[Round "3"]
[White "Ragavendra Prasanna, Shyam Sundar"]
[Black "Städler, Jannis"]
[Result "1-0"]
[ECO "A41"]
[WhiteElo "1524"]
[BlackElo "1082"]
[Annotator "NA RC"]
[PlyCount "125"]
[EventDate "2024.12.23"]
[EventType "team-tourn"]
[EventRounds "7"]
[EventCountry "GER"]
[SourceTitle "playchess.com"]
[Source "ChessBase"]
[SourceQuality "1"]
[TimeControl "3300+5"]

1. d4 d6 2. Bf4 Nc6 3. e3 e5 4. Bg3 exd4 5. exd4 Nf6 6. Nf3 d5 7. c4 Bb4+ 8. Nbd2 dxc4 9. Qe2+ Ne7 10. Qxc4 Bxd2+ 11. Nxd2 O-O 12. Be2 Be6 13. Qxc7 Qxc7 14. Bxc7 Rac8 15. Bd6 Rfe8 16. O-O Rc2 17. Rfd1 Rxb2 18. a4 Ned5 19. Bb5 Rd8 20. Ba3 Rc2 21. Rac1 Ra2 22. Nb1 Ne4 23. Rf1 Ndc3 24. Nxc3 Rxa3 25. Nxe4 Rxd4 26. Ng5 Rg4 27. Nxe6 fxe6 28. Bc4 Re4 29. Rfe1 Rxe1+ 30. Rxe1 Rxa4 31. Bxe6+ Kf8 32. h3 b5 33. Bd7 Rb4 34. Kh2 Rb2 35. Ra1 b4 36. Rxa7 Rxf2 37. Be6 g5 38. Rb7 Rb2 39. Kg3 h5 40. Bd5 Rd2 41. Bc4 h4+ 42. Kh2 Rb2 43. Kg1 Rb1+ 44. Kf2 Rb2+ 45. Ke1 Rxg2 46. Rxb4 Ke7 47. Bf1 Rc2 48. Rg4 Kf6 49. Bd3 Rh2 50. Bf1 Kf5 51. Bg2 Kf6 52. Kf1 Kf5 53. Kg1 Rxg2+ 54. Kxg2 Kf6 55. Kf2 Kf5 56. Kf3 Kf6 57. Ke4 Kg6 58. Ke5 Kh5 59. Kf5 Kh6 60. Rxg5 Kh7 61. Kf6 Kh8 62. Kf7 Kh7 63. Rh5# 1-0

[Event "DVM U10 2024"]
[Site "Duesseldorf"]
[Date "2024.12.27"]
[Round "3"]
[White "Bentele, Otto"]
[Black "Rogozhin, Georg"]
[Result "1-0"]
[ECO "C56"]
[WhiteElo "1522"]
[BlackElo "1232"]
[Annotator "NA RC"]
[PlyCount "87"]
[EventDate "2024.12.23"]
[EventType "team-tourn"]
[EventRounds "7"]
[EventCountry "GER"]
[SourceTitle "playchess.com"]
[Source "ChessBase"]
[SourceQuality "1"]
[TimeControl "3300+5"]

1. e4 e5 2. Nf3 Nc6 3. Bc4 Bc5 4. c3 Nf6 5. d4 exd4 6. O-O dxc3 7. e5 cxb2 8. Bxb2 d5 9. exf6 dxc4 10. Re1+ Be6 11. fxg7 Rg8 12. Qxd8+ Nxd8 13. Ng5 h6 14. Nh7 Nc6 15. Nf6+ Ke7 16. Nxg8+ Rxg8 17. Nc3 Bd4 18. a3 Kd6 19. Rad1 Kc5 20. Ne4+ Kd5 21. Bxd4 Nxd4 22. Nf6+ Kc5 23. Nxg8 Nf5 24. Nf6 Nxg7 25. Nd7+ Kc6 26. Ne5+ Kc5 27. Nf3 Bg4 28. Re5+ Kc6 29. Re4 Bxf3 30. gxf3 f5 31. Rxc4+ Kb5 32. Rxc7 Kb6 33. Rxg7 Kc6 34. Rg6+ Kc7 35. Rxh6 b5 36. Rh5 a5 37. Rxf5 a4 38. Rxb5 Kc6 39. Rg5 Kb7 40. h4 Kb6 41. Rd6+ Kc7 42. Rh6 Kd7 43. Rg7+ Ke8 44. Rh8# 1-0